 Dungeon Crawl Stone Soup version 0.29-a0-284-gf9362112df (webtiles) character file.

Game seed: 13878939422078571667

643 yunder69 the Cleaver (level 7, -10/59 HPs)
             Began as a Minotaur Berserker on Mar 20, 2022.
             Was a Believer of Trog.
             Mangled by an iguana (11 damage)
             ... on level 5 of the Dungeon.
             The game lasted 00:14:58 (4518 turns).

yunder69 the Cleaver (Minotaur Berserker)           Turns: 4518, Time: 00:14:59

Health: -10/59     AC:  6    Str: 23    XL:     7   Next: 26%
Magic:  6/6        EV: 12    Int:  4    God:    Trog [**....]
Gold:   335        SH:  0    Dex: 10    Spells: 6/6 levels left

rFire   . . .      SeeInvis .   a - +0 hand axe
rCold   . . .      Faith    .   (no shield)
rNeg    . . .      Spirit   .   q - +2 robe of the Will of the Gods {Fly Will+ Stlth+}
rPois   .          Reflect  .   (helmet restricted)
rElec   .          Harm     .   (no cloak)
rCorr   .          Rampage  .   i - +0 pair of gloves
Will    +....                   e - +0 pair of boots
Stlth   ++........              (no amulet)
HPRegen 0.19/turn               (no ring)
MPRegen 0.10/turn               (no ring)

@: on berserk cooldown, flying, slowed, very slow
A: horns 2, retaliatory headbutt
a: Renounce Religion, Berserk, Trog's Hand


You were on level 5 of the Dungeon.
You worshipped Trog.
Trog was pleased with you.
You visited 1 branch of the dungeon, and saw 5 of its levels.

You collected 335 gold pieces.

Inventory:

Hand Weapons
 a - a +0 hand axe (weapon)
 b - a +0 flail
 u - a +0 long sword
 z - a +0 falchion
Missiles
 k - 212 stones (quivered)
 m - 2 throwing nets
 n - 2 silver boomerangs
Armour
 e - a +0 pair of boots (worn)
 i - a +0 pair of gloves (worn)
 o - a +0 plate armour
 q - the +2 robe of the Will of the Gods (worn) {Fly Will+ Stlth+}
   (You found it on level 3 of the Dungeon)

   Fly:       It grants you flight.
   Will:      It increases your willpower.
   Stlth:     It makes you more stealthy.
 r - a +0 plate armour
 t - a +0 buckler
 v - a +0 ring mail
 x - a +2 chain mail of fire resistance
 A - a +0 ring mail
Scrolls
 s - 2 scrolls of fog {unknown}
 w - 4 scrolls of magic mapping {unknown}
 y - a scroll of torment {unknown}
 C - a scroll of identify {unknown}
Potions
 c - 2 potions of degeneration {unknown}
 d - 2 potions of mutation {unknown}
 f - 2 potions of curing {unknown}
 g - a potion of resistance {unknown}
 h - 4 potions of brilliance {unknown}
 j - 2 potions of might {unknown}
 l - a potion of haste {unknown}
 p - 2 potions of ambrosia {unknown}
 B - a potion of invisibility {unknown}
 D - 2 potions of attraction {unknown}


   Skills:
 - Level 4.0 Fighting
 + Level 9.9 Axes
 - Level 2.7 Armour
 - Level 2.4 Dodging


You had 6 spell levels left.
You didn't know any spells.
Your spell library contained the following spells:

 Spells                   Type           Power      Damage    Failure   Level
 Conjure Flame            Conj/Fire      0%         6-21      86%         3
 Ignite Poison            Fire/Tmut/Pois 0%         N/A       86%         3
 Sticky Flame             Conj/Fire      0%         2d3       99%         4


Dungeon Overview and Level Annotations

Branches:
Dungeon (5/15)
 Temple: D:4-7

Altars:

Shops:
D:2 =   D:4 :

Portals:
Sewer: D:5


Innate Abilities, Weirdness & Mutations

You have a pair of horns on your head.
You reflexively headbutt those who attack you in melee.


Message History

An iguana comes into view.
Things that are here:
a +0 trident; a +0 ring mail; a gnoll corpse You are too berserk!
You are too injured to fight recklessly!
You feel a strong urge to attack something.
You are too injured to fight recklessly!
You are too injured to fight recklessly!
You are too injured to fight recklessly!
You feel your anger nearly subside.
You are no longer berserk.
You are exhausted.
You feel yourself slow down.
You hit the iguana.
You headbutt the iguana, but do no damage.
The iguana is lightly wounded.
The iguana bites you!
You closely miss the iguana.
The iguana is lightly wounded.
The iguana closely misses you. You furiously retaliate!
You headbutt the iguana. You hit the iguana but do no damage.
Your headbutt misses the iguana.
The iguana is moderately wounded.
The iguana bites you.
You barely miss the iguana.
The iguana is moderately wounded.
The iguana bites you.
* * * LOW HITPOINT WARNING * * *
The iguana bites you.
* * * LOW HITPOINT WARNING * * *
You hit the iguana but do no damage. You headbutt the iguana!
The iguana is almost dead.
The iguana bites you!
* * * LOW HITPOINT WARNING * * *
The iguana bites you.
Keep disrobing?
* * * LOW HITPOINT WARNING * * *
You start removing your armour.
You continue taking off the +2 robe of the Will of the Gods {Fly Will+ Stlth+}.
The iguana bites you!
You die...

##..#####.###...###
#..# #.....#....
#..# #####...###
#).## ##.## ###.).#
#.# #...).# #.#
#.#...# #.#
#.#.##..... ..# #
#@# ..### ### #l#
.... #.# ..#.# #.#
##.# ... . #.# #.#
#..


You could see an iguana.

Vanquished Creatures
  The ghost of Cecur the Digger, an amateur OpEE of Okawaru (D:3)
  The ghost of pascalblue the Grave Robber, an amateur DENe (D:3)
  A scorpion (D:5)
  A gnoll sergeant (D:5)
  A hound (D:4)
  A jelly (D:5)
  An iguana (D:5)
  Jessica (D:2)
  3 gnolls (D:5)
  11 adders
  An ufetubus (D:5)
  4 worms
  2 dart slugs
  2 orcs
  8 ball pythons
  4 bats
  7 endoplasms
  4 giant cockroaches
  5 hobgoblins
  6 jackals (D:1)
  8 quokkas
  A frilled lizard (D:3)
  4 goblins
  9 kobolds
  5 rats
92 creatures vanquished.

Notes
Turn   | Place    | Note
-------+----------+-------------------------------------------
     0 | D:1      | yunder69 the Minotaur Berserker began the quest for the
                  | Orb.
     0 | D:1      | Reached XP level 1. HP: 19/19 MP: 0/0
   283 | D:1      | Reached skill level 4 in Axes
   283 | D:1      | Reached XP level 2. HP: 24/27 MP: 1/1
   375 | D:1      | Found a faded altar of an unknown god.
   764 | D:2      | Reached XP level 3. HP: 30/33 MP: 2/2
  1012 | D:2      | Reached skill level 5 in Axes
  1126 | D:2      | Found Rucod's Jewellery Emporium.
  1136 | D:2      | Reached ** piety under Trog
  1144 | D:2      | Reached XP level 4. HP: 22/40 MP: 3/3
  1211 | D:2      | Reached skill level 6 in Axes
  1659 | D:2      | Noticed Jessica
  1667 | D:2      | Killed Jessica
  1767 | D:3      | Reached XP level 5. HP: 46/46 MP: 4/4
  2069 | D:3      | Found Loicazorch's Weapon Emporium.
  2346 | D:3      | Found a runed translucent gate.
  2346 | D:3      | Found a runed translucent gate.
  2348 | D:3      | Found a runed translucent gate.
  2348 | D:3      | Identified the +2 robe of the Will of the Gods {Fly Will+
                  | Stlth+}
  2350 | D:3      | Noticed Cecur's ghost (amateur OpEE)
  2350 | D:3      | Noticed pascalblue's ghost (amateur DENe)
  2360 | D:3      | Killed pascalblue's ghost
  2361 | D:3      | Reached skill level 7 in Axes
  2364 | D:3      | Killed Cecur's ghost
  2365 | D:3      | Reached skill level 8 in Axes
  2365 | D:3      | Reached XP level 6. HP: 47/52 MP: 5/5
  3369 | D:4      | Found Delumay's Self-Improvement Boutique.
  3858 | D:5      | Entered Level 5 of the Dungeon
  3877 | D:5      | Reached skill level 9 in Axes
  4073 | D:5      | Reached *** piety under Trog
  4074 | D:5      | Reached XP level 7. HP: 46/59 MP: 6/6
  4412 | D:5      | Found a glowing drain.
  4517 | D:5      | HP: 1/59 [iguana (4)]
  4518 | D:5      | Mangled by an iguana

Illustrated notes

Levels and vault maps discovered:
D:1:      eino_arrival_cavern_b, layout_rooms,
          shapermc_ecumenical_altar_notcrosses
D:2:      layout_basic, serial_shops, nicolae_shop_hallway_plus,
          kennysheep_jessica_study
D:3:      layout_loops_cross, serial_shops, shop, gammafunk_ghost_cemetery,
          uniq_jessica
D:4:      layout_basic, nicolae_shop_self_help
D:5:      layout_loops_ring, portal_sewer_entry_e, kennysheep_generic_room_12

Skill      XL: |  1  2  3  4  5  6 |
---------------+-------------------+-----
Axes           | 4 5 6 8 9 |  9.9
Fighting       | 4 |  4.0
Armour         | |  2.7
Dodging        | |  2.4

Action                   |  1- 3 |  4- 6 |  7- 9 || total
-------------------------+-------+-------+-------++-------
Melee: Hand axe          |    62 |   132 |    38 ||   232
       Headbutt          |     8 |    20 |     9 ||    37
       Punch             |       |     1 |       ||     1
Throw: Stone             |       |     1 |       ||     1
Invok: Berserk           |     1 |     1 |     1 ||     3
  Use: Scroll            |       |     3 |       ||     3
 Stab: Sleeping          |       |     6 |     1 ||     7
Armor: Animal skin       |    24 |     3 |       ||    27
       Plate armour      |       |    37 |       ||    37
       Robe              |       |    15 |     6 ||    21
Dodge: Dodged            |    48 |    61 |    28 ||   137

Table legend: (Time is in decaauts)
 A = Elapsed time spent in this place.
 B = Non-inter-level travel time spent in this place.
 C = Inter-level travel time spent in this place.
 D = Time resting spent in this place.
 E = Time spent auto-exploring this place.
 F = Levels seen in this place.
 G = Mean time per level.
                   A        B        C        D        E       F      G
               +--------+--------+--------+--------+--------+-----+--------+
         Total |   4525 |   3129 |   1396 |    518 |   1971 |   5 |  905.0 |
       Dungeon |   4525 |   3129 |   1396 |    518 |   1971 |   5 |  905.0 |
               +--------+--------+--------+--------+--------+-----+--------+

Top non-repeatable levels by time:
     D:3: 1194 daAuts
     D:4: 963 daAuts
     D:2: 949 daAuts
     D:1: 768 daAuts
     D:5: 650 daAuts
